 Dungeon Crawl Stone Soup version 0.29-a0-993-g4a18f31a58 (webtiles) character file.

Game seed: 10511977355374748460

3815 vurker the Cleaver (level 9, -10/120 HPs)
             Began as a Palentonga Berserker on Aug 2, 2022.
             Was a Priest of Trog.
             Mangled by a wyvern (14 damage)
             ... on level 7 of the Dungeon.
             The game lasted 00:10:42 (8782 turns).

vurker the Cleaver (Palentonga Berserker)           Turns: 8782, Time: 00:10:43

Health: -10/120    AC: 18    Str: 26    XL:     9   Next: 97%
Magic:  9/9        EV:  9    Int: 15    God:    Trog [***...]
Gold:   1378       SH:  5    Dex:  9    Spells: 8/8 levels left

rFire   . . .      SeeInvis +   i - +0 battleaxe
rCold   . . .      Faith    .   (shield currently unavailable)
rNeg    . . .      Spirit   .   r - +4 ring mail
rPois   .          Reflect  +   c - +1 helmet
rElec   .          Harm     .   (no cloak)
rCorr   .          Rampage  .   (no gloves)
Will    +....                   (no barding)
Stlth   ..........              g - amulet of reflection
HPRegen 0.30/turn               j - +6 ring of intelligence
MPRegen 0.11/turn               q - ring of willpower

@: berserking, lethally poisoned (-10 -> -17), curled up, very quick
A: large, rugged brown scales 3, see invisible, deformed body, roll 1, armoured
tail, reflexive curl
a: Rolling Charge, Renounce Religion, Berserk, Trog's Hand


You were on level 7 of the Dungeon.
You worshipped Trog.
Trog was most pleased with you.
You visited 1 branch of the dungeon, and saw 8 of its levels.
You also visited: Bailey.

You collected 1468 gold pieces.
You spent 90 gold pieces at shops.

Inventory:

Hand Weapons
 a - a +0 hand axe
 i - a +0 battleaxe (weapon)
   (You took it off an orc warrior in a bailey)
Armour
 c - a +1 helmet (worn)
   (You found it on level 3 of the Dungeon)
 r - a +4 ring mail (worn)
   (You took it off an orc on level 6 of the Dungeon)
Jewellery
 g - an amulet of reflection (around neck)
   (You found it on level 2 of the Dungeon)
 j - a +6 ring of intelligence (left hand)
   (You found it on level 4 of the Dungeon)
 q - a ring of willpower (right hand)
   (You found it on level 6 of the Dungeon)
 s - a ring of flight
   (You took it off a kobold in a bailey)
Wands
 d - a wand of iceblast (8)
   (You found it on level 5 of the Dungeon)
 h - a wand of quicksilver (9)
   (You found it on level 3 of the Dungeon)
 t - a wand of flame (20)
   (You took it off Jessica on level 3 of the Dungeon)
Scrolls
 l - 2 scrolls of vulnerability
 p - 2 scrolls of teleportation
 u - a scroll of blinking {unknown}
 w - a scroll of magic mapping
 x - a scroll of amnesia {unknown}
Potions
 b - a potion of might
 e - 4 potions of flight
 f - a potion of heal wounds
 k - 6 potions of curing
 m - a potion of magic {unknown}
 n - a potion of mutation {unknown}
 o - a potion of ambrosia {unknown}
 v - a potion of degeneration {unknown}


   Skills:
 + Level 8.9 Fighting
 * Level 12.1 Axes
 - Level 1.5 Armour
 - Level 1.5 Dodging


You had 8 spell levels left.
You didn't know any spells.
Your spell library was empty.

Dungeon Overview and Level Annotations

Branches:
Dungeon (8/15)             Temple (0/1) D:4          Bailey (visited)
   Lair: D:8-11

Altars:
Cheibriados
Yredelemnul

Shops:
D:7 ?


Innate Abilities, Weirdness & Mutations

You are completely covered in rugged brown scales. (AC +3, +7% HP)
You have supernaturally acute eyesight. (SInv)
Armour fits poorly on your strangely shaped body.
You can roll at nearby foes to attack.
You have a long armoured tail.
You curl defensively after being hit. (AC +7*)


Message History

You feel very sick.
The wyvern bites you but does no damage.
The water moccasin bites you but does no damage.
You barely miss the water moccasin.
Your tail-slap misses the water moccasin.
You slice the wyvern!!
You feel sick. The wyvern bites you.
* * * LOW HITPOINT WARNING * * *
The water moccasin bites you but does no damage.
The wyvern bites you but does no damage.
The water moccasin closely misses you.
You hit the water moccasin.
Your tail-slap misses the water moccasin.
You hit the wyvern but do no damage.
You feel sick. The wyvern barely misses you.
The water moccasin bites you but does no damage.
You closely miss the water moccasin. You closely miss the wyvern.
You feel sick. The wyvern bites you!
* * * LOW HITPOINT WARNING * * *
The water moccasin bites you but does no damage.
The wyvern bites you.
* * * LOW HITPOINT WARNING * * *
The water moccasin bites you.
* * * LOW HITPOINT WARNING * * *
You are lethally poisoned!
The water moccasin poisons you!
A red film seems to cover your vision as you go berserk!
You feel yourself moving faster!
You feel mighty!
* * * LOW HITPOINT WARNING * * *
You feel very sick. The wyvern barely misses you.
You block the water moccasin's attack. The wyvern closely misses you.
You completely miss the water moccasin.
Your tail-slap misses the water moccasin.
You barely miss the wyvern.
* * * LOW HITPOINT WARNING * * *
You feel sick.
The water moccasin bites you but does no damage.
You block the wyvern's attack.
You slice the water moccasin!!
You kill the water moccasin!
Trog accepts your kill.
You hit the wyvern.
* * * LOW HITPOINT WARNING * * *
You feel very sick. The wyvern bites you.
* * * LOW HITPOINT WARNING * * *
You closely miss the wyvern.
* * * LOW HITPOINT WARNING * * *
You feel sick. The wyvern bites you!
You die...

#.#....<......# #..#
#.##########..# #..# #
#.# #..# #..#### #.#
####..# #......
#.#######.....## #.#####
#..............######.##
#########.....<........#
##l#...##......###
#@#.####.##.[...# #†#.#
#.##.#.#.## #.#.#
#.......... #.#.#
#..#.#)#..# #.#.#
#..#......#
#.#.####..###.##.#
#.........# #.....
##........########
##.##.....###....


You could see a wyvern.

Vanquished Creatures
  A deep elf zephyrmancer (D:6)
  Grinder (D:5)
  2 wyverns (D:7)
  A steam dragon (D:6)
  An acid dragon (D:7)
  2 water moccasins
  Duvessa (D:4)
  4 ice beasts
  7 orc warriors
  A black bear (D:5)
  An ogre (D:4)
  A centaur (D:6)
  A phantom (D:4)
  2 bullfrogs
  A necrophage (D:6)
  A scorpion (D:6)
  Dowan (D:4)
  2 howler monkeys
  3 jellies
  An orc priest (D:6)
  Jessica (D:3)
  An iguana (D:6)
  6 orc wizards
  Natasha (thrice) (D:3)
  9 gnolls
  5 adders
  A white imp (D:6)
  A worm (D:4)
  2 dart slugs (D:3)
  10 orcs
  7 endoplasms
  3 giant cockroaches
  10 hobgoblins
  8 jackals
  17 kobolds
  3 quokkas
  7 ball pythons
  8 bats
  5 frilled lizards
  6 goblins
  7 rats
155 creatures vanquished.

Vanquished Creatures (others)
  12 fungi
  2 plants (D:8)
  3 toadstools (D:3)
17 creatures vanquished.

Grand Total: 172 creatures vanquished

Notes
Turn   | Place    | Note
-------+----------+-------------------------------------------
     0 | D:1      | vurker the Palentonga Berserker began the quest for the
                  | Orb.
     0 | D:1      | Reached XP level 1. HP: 19/19 MP: 1/1
    77 | D:1      | Reached XP level 2. HP: 25/25 MP: 2/2
   521 | D:1      | Reached ** piety under Trog
   611 | D:1      | Reached XP level 3. HP: 25/31 MP: 3/3
   858 | D:2      | Found a faded altar of an unknown god.
   872 | D:2      | Reached skill level 4 in Axes
  1445 | D:2      | Reached XP level 4. HP: 32/39 MP: 4/4
  1626 | D:3      | Noticed Natasha
  1637 | D:3      | Killed Natasha
  1925 | D:3      | Reached skill level 5 in Axes
  1994 | D:3      | Noticed Natasha
  2003 | D:3      | Killed Natasha
  2004 | D:3      | Reached XP level 5. HP: 23/44 MP: 5/5
  2099 | D:3      | Noticed Natasha
  2111 | D:3      | Killed Natasha
  2387 | D:3      | Noticed Jessica
  2400 | D:3      | Killed Jessica
  2735 | D:3      | Found a basalt altar of Yredelemnul.
  2831 | D:4      | Noticed an ogre
  2843 | D:4      | Killed an ogre
  2844 | D:4      | Reached skill level 6 in Axes
  2844 | D:4      | Reached XP level 6. HP: 38/52 MP: 6/6
  3152 | D:4      | Reached skill level 5 in Fighting
  3259 | D:4      | You fall into a shaft and drop 1 floor!
  3259 | D:5      | Entered Level 5 of the Dungeon
  3263 | D:5      | Noticed a water moccasin
  3272 | D:5      | Killed a water moccasin
  3273 | D:5      | Gained mutation: You curl defensively after being hit. (AC
                  | +7*) [Palentonga growth]
  3273 | D:5      | Reached XP level 7. HP: 59/59 MP: 7/7
  3358 | D:4      | Noticed Dowan
  3359 | D:4      | Noticed Duvessa
  3363 | D:4      | Killed Duvessa
  3364 | D:4      | Reached skill level 7 in Axes
  3365 | D:4      | Killed Dowan
  3487 | D:4      | Found a staircase to the Ecumenical Temple.
  4390 | D:5      | Reached *** piety under Trog
  4549 | D:5      | Reached skill level 8 in Axes
  4921 | D:5      | Noticed Grinder
  4923 | D:5      | Paralysed by Grinder for 3 turns
  4933 | D:5      | Killed Grinder
  4934 | D:5      | Reached XP level 8. HP: 69/69 MP: 8/8
  5476 | D:6      | Reached skill level 9 in Axes
  5680 | D:6      | Noticed a deep elf zephyrmancer
  5692 | D:6      | Killed a deep elf zephyrmancer
  5693 | D:6      | Reached skill level 10 in Axes
  6104 | D:6      | Reached XP level 9. HP: 66/77 MP: 9/9
  7117 | D:7      | Found a snail-covered altar of Cheibriados.
  7194 | D:7      | Found a flagged portal.
  7260 | Bailey   | Entered a bailey
  7417 | Bailey   | Identified the +0 plate armour of the Farrier {rN+ rCorr
                  | Slay-5}
  7444 | Bailey   | Reached skill level 11 in Axes
  8203 | D:7      | Found Boutes's Magic Scroll Boutique.
  8208 | D:7      | Bought a scroll of magic mapping for 90 gold pieces
  8775 | D:7      | Reached skill level 12 in Axes
  8781 | D:7      | HP: 5/120 [wyvern (4)]
  8782 | D:7      | Mangled by a wyvern

Illustrated notes

Levels and vault maps discovered:
D:1:      minmay_arrival_stone_box, layout_basic
D:2:      layout_basic, basic_ecumenical_altar
D:3:      layout_loops_ring, amcnicky_altar_gilded, minmay_gold_behind_fungi,
          uniq_jessica, uniq_natasha
D:4:      layout_layer_cave, temple_pool_b, uniq_duvessa
D:5:      layout_loops_ring, serial_aquarium, aquarium_bridge_square
          [aquarium_subvault_bridge, aquarium_subvault_bridge,
          aquarium_subvault_wall, aquarium_subvault_bridge],
          aquarium_window_fake, aquarium_window_double, aquarium_window_2,
          aquarium_view_2e, aquarium_view_2b, aquarium_balcony_1a,
          aquarium_pool_double, uniq_grinder
D:6:      layout_cave_pods, serial_column_ruins, column_ruins_square_huge,
          column_ruins_hut, column_ruins_columns_straight,
          column_ruins_open_small, column_ruins_grid_4, column_ruins_grid_1,
          column_ruins_corridor_dead_end, guppyfry_early_elven_hall
D:7:      layout_loops_ring, mainiacjoe_overflow_concentric_impassable,
          enter_bailey_6, serial_shops, nicolae_shop_statue_plus,
          lemuel_flamethrower_2
D:8:      layout_rooms, minmay_lair_entry_grove

Skill      XL: |  1  2  3  4  5  6  7  8  9 |
---------------+----------------------------+-----
Axes           | 4 5 6 8 10 12 | 12.1
Fighting       | 4 5 6 7 8 |  8.9
Armour         | |  1.5
Dodging        | |  1.5

Action                   |  1- 3 |  4- 6 |  7- 9 || total
-------------------------+-------+-------+-------++-------
Melee: Hand axe          |   118 |   132 |   268 ||   518
       Tailslap          |    11 |    13 |    51 ||    75
       Punch             |     1 |     2 |     3 ||     6
       Battleaxe         |       |       |    63 ||    63
Invok: Berserk           |       |     5 |     7 ||    12
       Trog's Hand       |       |       |     2 ||     2
  Use: Scroll            |       |     4 |     8 ||    12
Armor: Animal skin       |    23 |       |       ||    23
       Leather armour    |    19 |    52 |    82 ||   153
       Ring mail         |     8 |       |    87 ||    95
Dodge: Dodged            |    58 |    47 |   102 ||   207
Block: Other             |    10 |    24 |    66 ||   100
       Reflection        |       |     2 |     7 ||     9

Table legend: (Time is in decaauts)
 A = Elapsed time spent in this place.
 B = Non-inter-level travel time spent in this place.
 C = Inter-level travel time spent in this place.
 D = Time resting spent in this place.
 E = Time spent auto-exploring this place.
 F = Levels seen in this place.
 G = Mean time per level.
                   A        B        C        D        E       F      G
               +--------+--------+--------+--------+--------+-----+--------+
         Total |   8872 |   8663 |    209 |    228 |   6919 |   9 |  985.8 |
       Dungeon |   8182 |   7973 |    209 |    173 |   6561 |   8 | 1022.8 |
        Bailey |    689 |    689 |      0 |     55 |    357 |   1 |  689.0 |
               +--------+--------+--------+--------+--------+-----+--------+

Top non-repeatable levels by time:
     D:6: 2001 daAuts
     D:3: 1333 daAuts
     D:5: 1236 daAuts
     D:7: 1010 daAuts
     D:4: 990 daAuts
     D:1: 816 daAuts
     D:2: 784 daAuts
  Bailey: 689 daAuts
     D:8: 9 daAuts
